Map: Dusk Towers

Players

Lanfear - Winner!

  • Race: Terran Terran
  • League: Platinum

LilDicky

  • Race: Terran Terran
  • League: Diamond

VOD

http://www.twitch.tv/tumescentpie

Description

Time

  • Played on: Nov. 30, 2015, 11:52 a.m.
  • Length: 7:18
Show
View Real Time Build Order
Export as new Build Order

Lanfear Terran - Winner!

Build Orders:  

Get SALT Encoding   

  12  0:01  SCV  
  13  0:13  SCV  
  14  0:18  Supply Depot  
  14  0:25  SCV  
  15  0:40  SCV  
  15  0:42  Barracks  
  16  0:49  Refinery  
  16  0:52  SCV  
  18  1:04  SCV  
  18  1:20  SCV  
  19  1:29  Marine  
  20  1:35  SCV  
  20  1:38  Command Center  
  21  1:47  Marine  
  21  1:51  Bunker  
  22  1:56  Orbital Command  
  22  2:05  Marine  
  23  2:27  Barracks Tech Lab  
  23  2:28  Factory  
  23  2:32  Barracks  
  23  2:42  Supply Depot  
  23  2:47  Engineering Bay  
  23  2:52  Stimpack  
  23  2:57  SCV  
  24  3:06  Orbital Command  
  24  3:14  Factory Tech Lab  
  24  3:18  SCV  
  25  3:22  Missile Turret  
  25  3:33  SCV  
  25  3:39  SCV  
  25  3:42  Siege Tank  
  25  3:45  SCV  
  25  3:47  Refinery  
  29  3:52  Missile Turret  
  29  3:56  Barracks Reactor  
  29  3:59  SCV x2  
  31  4:05  Missile Turret  
  31  4:08  Refinery  
  31  4:09  Marine  
  31  4:27  Marine  
  31  4:28  SCV x2  
  34  4:40  SCV x2  
  34  4:45  Marine  
  37  4:46  Refinery  
  37  4:58  Starport, Barracks  
  37  5:00  SCV x2  
  37  5:03  Marine x2  
  37  5:04  Marine  
  42  5:11  Siege Tank  
  42  5:12  SCV  
  46  5:36  Starport Reactor  
  46  5:39  Supply Depot  
  46  5:43  Supply Depot  
  46  5:48  Missile Turret  
  46  5:59  Barracks Reactor  
  46  6:01  SCV x2, Siege Tank  
  46  6:03  Missile Turret  
  51  6:05  Command Center  
  47  6:13  SCV x2  
  47  6:17  Marine x2  
  47  6:18  Marine  
  47  6:20  Viking  
  48  6:28  Missile Turret  
  48  6:31  SCV x2  
  50  6:35  Marine  
  51  6:43  Marine x2  
  51  6:44  Marine  
  51  6:46  Viking  
  52  7:02  Barracks Reactor  
Show
View Real Time Build Order
Export as new Build Order

LilDicky Terran 

Build Orders:  

Get SALT Encoding   

  12  0:03  SCV  
  13  0:15  SCV  
  14  0:23  Supply Depot  
  14  0:27  SCV  
  15  0:30  Refinery  
  15  0:44  SCV  
  16  0:50  Barracks  
  16  0:56  SCV  
  17  1:02  Barracks  
  17  1:21  SCV  
  18  1:33  SCV  
  19  1:47  Refinery  
  19  1:49  Factory  
  19  1:51  Orbital Command  
  19  1:53  Supply Depot  
  19  1:54  Reaper  
  20  2:16  SCV  
  21  2:31  Marine  
  21  2:34  SCV  
  23  2:41  Factory Tech Lab  
  23  2:42  Starport  
  23  2:46  SCV  
  24  2:53  Supply Depot  
  24  2:54  Marine  
  25  2:58  SCV  
  25  3:04  Engineering Bay  
  26  3:07  Supply Depot  
  26  3:10  SCV  
  26  3:12  Marine  
  28  3:28  SCV, Fusion Core  
  29  3:35  Widow Mine  
  29  3:38  Marine  
  29  3:40  SCV  
  32  3:42  Missile Turret  
  32  3:52  SCV  
  33  3:56  Supply Depot  
  35  4:18  Battlecruiser  
  37  4:35  Command Center, SCV, Marine  
  39  4:43  Behemoth Reactor  
  39  4:53  Command Center  
  39  5:00  SCV  
  39  5:05  Marine  
  41  5:17  Cloaking Field  
  41  5:23  Refinery  
  41  5:26  Refinery  
  41  5:35  SCV  
  42  5:39  Marine  
  42  5:42  Battlecruiser, Missile Turret  
  49  5:47  SCV  
  50  6:30  Orbital Command  
  50  6:32  SCV  
  51  6:33  Orbital Command  
  51  6:35  Marine  
  52  6:41  Barracks x3  
  52  6:42  Barracks  
  52  6:52  Marine  
  53  7:00  SCV x2  
Tags
 
Add a new tag
Caveats
  • Supply blocks, unpowered buildings, or Contaminate may cause inaccurate times.
  • Supply counts are checked every 10 seconds.